 Dungeon Crawl Stone Soup version 0.25-a0-404-gc1b5a34292 (webtiles) character file.

Game seed: 8301502186518741645, levelgen mode: deterministic

364 Jerej03 the Shield-Bearer (level 6, -3/45 HPs)
             Began as a Gargoyle Fighter on Jan 11, 2020.
             Slain by a mummy (11 damage)
             ... in an ossuary.
             The game lasted 00:19:17 (2447 turns).

Jerej03 the Shield-Bearer (Gargoyle Fighter)        Turns: 2447, Time: 00:19:17

Health: -3/45      AC: 11    Str: 21    XL:     6   Next: 67%
Magic:  6/6        EV:  7    Int:  8    God:
Gold:   311        SH:  9    Dex: 10    Spells: 5/5 levels left

rFire    . . .     SeeInvis .   n - +0 hand axe (freeze)
rCold    . . .     Gourm    .   c - +0 shield
rNeg     + . .     Faith    .   b - +0 scale mail
rPois    ∞         Spirit   .   (helmet restricted)
rElec    +         Reflect  .   o - scarf {repulsion}
rCorr    .         Harm     .   (no gloves)
MR       .....                  (no boots)
Stlth    ..........             (no amulet)
HPRegen  0.15/turn              (no ring)
MPRegen  0.10/turn              (no ring)

@: marked, flying, repel missiles
A: antennae 1, negative energy resistance 1, robust 2, electricity resistance,
unbreathing, petrification resistance, rot immunity, AC +4
a: no special abilities


You were in an ossuary.
You were not hungry.

You visited 1 branch of the dungeon, and saw 4 of its levels.
You also visited: Ossuary.

You collected 311 gold pieces.

Inventory:

Hand Weapons
 n - a +0 hand axe of freezing (weapon)
Missiles
 i - 89 stones (quivered)
 k - 41 sling bullets
 l - 28 bolts
Armour
 b - a +0 scale mail (worn)
 c - a +0 shield (worn)
 o - a scarf of repulsion (worn)
Wands
 m - a wand of scattershot (4)
Scrolls
 a - 2 scrolls of teleportation
 e - a scroll of fog
 j - a scroll of remove curse
Potions
 d - a potion of might
 p - a potion of curing
Comestibles
 f - 6 rations
 g - 5 chunks of flesh


   Skills:
 + Level 4.1 Fighting
 * Level 3.9(4.1) Axes
   Level 2.0(3.4) Maces & Flails
 + Level 4.3 Armour
 + Level 0.5 Dodging
 + Level 4.4 Shields
 + Level 0.5 Evocations


You had 5 spell levels left.
You didn't know any spells.
Your spell library was empty.

Dungeon Overview and Level Annotations

Branches:
Dungeon (4/15)            Ossuary (1/1)
 Temple: D:4-7

Altars:
Fedhas
Trog


Innate Abilities, Weirdness & Mutations

You are resistant to torment.
Your stone body is resilient. (AC +4)
You are immune to poison.
You resist negative energy. (rN+)
You are resistant to electric shocks. (rElec)
You can survive without breathing.
You are immune to petrification.
You are immune to rotting.
You have a pair of small antennae on your head.
You are very robust. (+20% HP)


Message History

You hit the mummy.
The mummy is almost destroyed.
You block the mummy's attack.
You closely miss the mummy.
The mummy is almost destroyed.
You hit the mummy.
You destroy the mummy!
The mummy pulls the alarm!
The alarm trap emits a blaring wail!
The mark upon you grows brighter. The mummy hits you!
* * * LOW HITPOINT WARNING * * *
You see here a scroll labeled VIT MAXIOSABI.
You hit the mummy but do no damage. You hit the mummy.
The mummy is lightly damaged.
You hit the mummy but do no damage.
The mummy is moderately damaged.
You hit the mummy. You freeze the mummy. The mummy hits you!
You die...

..###.^....^## ..
...#.....M...#...+
...'....MM...'...#
...#........M#...+
..###.......## M.#
.## ##.....## #.+
.# ###'### #M# .##
#.# ##M## ..#
##.## #!@M# ..#
#.∩.# #..?# ###
#.∩.# ##### #####


You could see 4 mummies.

Vanquished Creatures
  An eye of draining (D:3)
  An orc priest (D:4)
  A gnoll shaman (D:4)
  A centaur skeleton (D:4)
  An orc wizard (D:4)
  A mummy (Ossuary)
  Robin (D:3)
  4 gnolls
  2 adders
  An ooze (D:2)
  2 worms
  2 dart slugs
  2 leopard geckos (D:3)
  9 orcs
  A giant cockroach (D:2)
  17 goblins
  2 hobgoblins
  4 jackals (D:4)
  A ball python (D:4)
  5 bats
  3 frilled lizards
  2 kobolds (D:3)
  7 rats
71 creatures vanquished.

Notes
Turn   | Place    | Note
-------+----------+-------------------------------------------
     0 | D:1      | Jerej03 the Gargoyle Fighter began the quest for the Orb.
     0 | D:1      | Reached XP level 1. HP: 14/14 MP: 1/1
   306 | D:1      | Reached XP level 2. HP: 15/19 MP: 2/2
   499 | D:1      | Gained mutation: You have a pair of small antennae on your
                  | head. [potion of mutation]
   499 | D:1      | Gained mutation: You are robust. (+10% HP) [potion of
                  | mutation]
   499 | D:1      | Gained mutation: You are very robust. (+20% HP) [potion of
                  | mutation]
  1203 | D:2      | Reached XP level 3. HP: 26/28 MP: 3/3
  1472 | D:3      | Reached skill level 1 in Axes
  1688 | D:3      | Reached XP level 4. HP: 33/34 MP: 4/4
  1856 | D:3      | Noticed Robin
  1860 | D:3      | Killed Robin
  2027 | D:3      | Noticed an eye of draining
  2043 | D:3      | Killed an eye of draining
  2043 | D:3      | Reached XP level 5. HP: 38/39 MP: 0/5
  2052 | D:3      | Found a bloodstained altar of Trog.
  2105 | D:4      | Reached XP level 6. HP: 38/45 MP: 6/6
  2232 | D:4      | Found a blossoming altar of Fedhas.
  2344 | D:4      | Found a sand-covered staircase.
  2351 | Ossuary  | Entered an ossuary
  2447 | Ossuary  | Slain by a mummy

Levels and vault maps discovered:
D:1:      elethiomel_arrival_shortcut, layout_basic, hangedman_decor_push
D:2:      layout_loops_corners, first_ration
D:3:      layout_rooms, trog_eyes_of_draining, uniq_robin
D:4:      layout_rooms, gammafunk_temple_overflow_statue,
          chequers_ossuary_entry_cave, minivault_27, fedhas_altar_2
Ossuary:  ossuary_crypta

Skill      XL: |  1  2  3  4  5 |
---------------+----------------+-----
Axes           | 1 3 |  3.9
Shields        | 4 |  4.4
Fighting       | 4 |  4.1
Armour         | 4 |  4.3
Maces & Flails | |  2.0
Dodging        | |  0.5
Evocations     | |  0.5

Action                   |  1- 3 |  4- 6 || total
-------------------------+-------+-------++-------
Melee: Flail             |    19 |       ||    19
       Hand axe          |   102 |   136 ||   238
Evoke: Wand              |       |     2 ||     2
  Use: Scroll            |     8 |     4 ||    12
       Potion            |     5 |     7 ||    12
  Eat: Ration            |     1 |       ||     1
       Chunk             |       |     2 ||     2
Armor: Scale mail        |    60 |    36 ||    96
Dodge: Dodged            |    40 |    31 ||    71
       Deflected         |       |     1 ||     1
Block: Shield            |    51 |    48 ||    99

Table legend:
 A = Non-vault XP
 B = Vault XP
 C = Vault XP percentage of total XP
 D = Non-vault monster count
 E = Vault monster count
 F = Vault count percentage of total count
                 A         B        C        D         E       F
            +---------+---------+-------+---------+---------+-------
      Total |     328 |     193 |  37.0 |      55 |      16 |  22.5
            +---------+---------+-------+---------+---------+-------
        D:1 |      13 |       0 |   0.0 |       7 |       0 |   0.0
        D:2 |      32 |       0 |   0.0 |      11 |       0 |   0.0
        D:3 |      47 |     175 |  78.8 |      19 |      15 |  44.1
        D:4 |     236 |       0 |   0.0 |      18 |       0 |   0.0
    Ossuary |       0 |      18 | 100.0 |       0 |       1 | 100.0
            +---------+---------+-------+---------+---------+-------
